 Dungeon Crawl Stone Soup version 0.27-a0-1149-g4505690ab0 (webtiles) character file.

Game seed: 17496240579645739377

58582 maiser the Geomancer (level 14, -5/86 HPs)
             Began as a Gargoyle Earth Elementalist on May 13, 2021.
             Was a High Priest of Vehumet.
             Killed by an exploding frost giant (47 damage)
             ... ignited by their inner flame
             ... in an ice cave.
             The game lasted 00:53:07 (22547 turns).

maiser the Geomancer (Gargoyle Earth Elementalist) Turns: 22547, Time: 00:53:07

Health: -5/86      AC: 31    Str: 12    XL:     14   Next: 91%
Magic:  22/27      EV: 14    Int: 29    God:    Vehumet [*****.]
Gold:   3055       SH:  0    Dex: 11    Spells: 17/32 levels left

rFire    . . .     SeeInvis +   F - +3 flail (drain)
rCold    + + .     Faith    .   (no shield)
rNeg     + . .     Spirit   .   B - +1 leather armour {rC+}
rPois    ∞         Reflect  .   e - +2 helmet {SInv}
rElec    +         Harm     .   k - +1 cloak
rCorr    .         Rampage  .   g - +2 pair of gloves
Will     ++...                  z - +2 pair of boots "Esofiaq" {rC+ Int+3 Dex-3 Stlth+}
Stlth    +++.......             R - amulet of magic regeneration
HPRegen  0.24/turn              j - +4 ring of protection
MPRegen  0.45/turn              d - ring of Lerasmit {Contam Will+ Int+5 Dex+4}

@: flying
A: sickness immunity, AC +10, big wings, negative energy resistance 1,
electricity resistance, torment resistance 1, petrification resistance, claws 1,
iridescent scales 1, deformed body, inhibited regeneration
a: Renounce Religion


You were in an ice cave.
You worshipped Vehumet.
Vehumet was extremely pleased with you.
You visited 3 branches of the dungeon, and saw 18 of its levels.
You also visited: Ice Cave.

You collected 4187 gold pieces.
You spent 1132 gold pieces at shops.

Inventory:

Hand Weapons
 c - a +1 flail
 F - a +3 flail of draining (weapon)
Missiles
 a - 218 stones
 A - a curare-tipped dart
Armour
 e - a +2 helmet of see invisible (worn)
 f - the +2 pair of boots of Wonder {rF++ Str+3 Int+2}
   (You bought it in a shop on level 2 of the Dungeon)

   It affects your strength (+3).
   It affects your intelligence (+2).
   It greatly protects you from fire.
 g - a +2 pair of gloves (worn)
 k - a +1 cloak (worn)
 z - the +2 pair of boots "Esofiaq" (worn) {rC+ Int+3 Dex-3 Stlth+}
   (You bought it in a shop on level 9 of the Dungeon)

   It affects your intelligence (+3).
   It affects your dexterity (-3).
   It protects you from cold.
   It makes you more stealthy.
 B - a +1 leather armour of cold resistance (worn)
 I - +5 steam dragon scales
Jewellery
 b - the ring "Ajociv" {Fire Str+2 Slay+4 Stlth+}
   (You found it on level 1 of the Lair of Beasts)

   [ring of fire]

   It enhances your fire magic.
   It affects your strength (+2).
   It affects your accuracy and damage with ranged weapons and melee attacks
   (+4).
   It protects you from fire.
   It makes you vulnerable to cold.
   It makes you more stealthy.
 d - the ring of Lerasmit (right hand) {Contam Will+ Int+5 Dex+4}
   (You acquired it on level 3 of the Dungeon)

   [ring of willpower]

   It affects your intelligence (+5).
   It affects your dexterity (+4).
   It causes magical contamination when unequipped.
   It increases your willpower.
 h - a ring of ice
 j - a +4 ring of protection (left hand)
 J - a ring of protection from cold
 K - the ring of the Villain {Contam rF+ rN+ Will+ Str+4}
   (You found it on level 13 of the Dungeon)

   [ring of willpower]

   It affects your strength (+4).
   It protects you from fire.
   It protects you from negative energy.
   It causes magical contamination when unequipped.
   It increases your willpower.
 L - a ring of fire
 R - an amulet of magic regeneration (around neck)
Wands
 m - a wand of iceblast (9)
 q - a wand of flame (55)
 y - a wand of paralysis (9)
 E - a wand of mindburst (10)
 P - a wand of polymorph (39)
Scrolls
 r - a scroll of holy word
 w - 8 scrolls of teleportation
 G - a scroll of magic mapping
 M - a scroll of blinking
 N - 7 scrolls of identify
 O - 6 scrolls of amnesia
Potions
 i - 2 potions of haste
 l - 2 potions of heal wounds
 n - 2 potions of attraction
 o - 2 potions of resistance
 p - 8 potions of curing
 t - 3 potions of might
 u - 3 potions of cancellation
 x - 2 potions of magic
 D - 4 potions of invisibility
 Q - a potion of ambrosia
Miscellaneous
 C - a phial of floods (inert)
 H - a condenser vane (inert)


   Skills:
 + Level 9.6 Fighting
 + Level 8.8 Maces & Flails
 - Level 6.0 Armour
 + Level 7.6 Dodging
 - Level 2.1 Stealth
 + Level 9.6 Spellcasting
 + Level 10.8 Conjurations
 - Level 0.7 Transmutations
 * Level 6.2 Fire Magic
 + Level 12.3 Earth Magic
 + Level 8.1 Evocations


You had 17 spell levels left.
You knew the following spells:

 Your Spells              Type           Power      Damage    Failure   Level
a - Sandblast             Erth           100%       2d20      1%          1
b - Stone Arrow           Conj/Erth      100%       3d13      1%          3
c - Lee's Rapid Deconstr  Erth           36%        3d19*     1%          5
d - Starburst             Conj/Fire      29%        8x6d9     6%          6

Your spell library contained the following spells:

 Spells                   Type           Power      Damage    Failure   Level
 Iron Shot                Conj/Erth      34%        9d7       1%          6
 Foxfire                  Conj/Fire      100%       2x1d9     1%          1
 Magic Dart               Conj           100%       1d8       1%          1
 Shock                    Conj/Air       100%       1d9       1%          1
 Passwall                 Tmut/Erth      42%        N/A       1%          2
 Static Discharge         Conj/Air       45%        N/A       1%          2
 Hailstorm                Conj/Ice       45%        3d10      1%          4
 Sticky Flame             Conj/Fire      59%        2d7       1%          4
 Poisonous Vapours        Pois/Air       26%        N/A       2%          2
 Petrify                  Tmut/Erth      51%        N/A       3%          4
 Corona                   Hex            14%        N/A       4%          1
 Summon Small Mammal      Summ           52%        N/A       4%          1
 Lightning Bolt           Conj/Air       22%        1d38      4%          5
 Call Imp                 Summ           13%        N/A       8%          2
 Corpse Rot               Necr/Air       N/A        N/A       8%          2
 Airstrike                Air            6%         N/A       13%         4
 Call Canine Familiar     Summ           13%        N/A       14%         3
 Confusing Touch          Hex            13%        N/A       14%         3
 Gell's Gravitas          Tloc           6%         N/A       14%         3
 Summon Guardian Golem    Hex/Summ       13%        N/A       14%         3
 Swiftness                Air            13%        N/A       14%         3
 Vampiric Draining        Necr           6%         2d6       14%         3
 Yara's Violent Unravell  Hex/Tmut       8%         3d5       28%         5
 Dispel Undead            Necr           13%        3d9       43%         4
 Summon Ice Beast         Ice/Summ       13%        N/A       43%         4
 Summon Lightning Spire   Summ/Air       13%        N/A       43%         4
 Spellforged Servitor     Conj/Summ      22%        N/A       71%         7
 Agony                    Necr           13%        N/A       80%         5
 Excruciating Wounds      Necr           6%         N/A       80%         5
 Metabolic Englaciation   Hex/Ice        6%         N/A       80%         5
 Malign Gateway           Summ/Tloc      6%         N/A       100%        7
 Summon Hydra             Summ           6%         N/A       100%        7
 Sublimation of Blood     Necr           Unusable   N/A       N/A         2

Dungeon Overview and Level Annotations

Branches:
Dungeon (14/15)            Temple (1/1) D:5            Lair (3/6) D:10
  Swamp (0/4) Lair:2       Spider (0/4) Lair:3          Orc (0/2) D:12
 Vaults (0/5) D:14          IceCv (1/1)

Altars:
Ashenzari
Cheibriados
Dithmenos
Elyvilon
Gozag
Hepliaklqana
Nemelex Xobeh
Okawaru
Sif Muna
Trog
Uskayaw
Vehumet
Wu Jian
Xom
Zin
The Shining One

Shops:
D:2 [   D:9 [

Annotations:
D:6 2 transporters, glosham's ghost, weakling DjDe
Lair:3 Snorg


Innate Abilities, Weirdness & Mutations

You are immune to sickness and miasma.
Your stone body is resilient. (AC +10)
You are immune to poison.
Your large and strong wings let you fly.
You resist negative energy. (rN+)
You are resistant to electric shocks. (rElec)
You are resistant to unholy torment.
You are immune to petrification.
You have sharp fingernails.
You are partially covered in iridescent scales. (AC +2)
Armour fits poorly on your strangely shaped body.
You do not regenerate when monsters are visible.


Message History

Confirm with . or Enter, or press ? or * to list all spells.
Aiming: Stone Arrow (safe; 1% risk of failure)
Press: ? - help, Shift-Dir - straight line, f/p - frost giant
Aim: a frost giant, wielding a +2 battleaxe of freezing (flame, heavily wounded, inner flame, 98% to hit)
The stone arrow hits the frost giant!!
Flame seeps out of the frost giant.
The frost giant is heavily wounded.
You hear a bellow!
The frost giant is engulfed in blazing flames.
Flame seeps out of the frost giant.
As you read the scroll of fear, it crumbles to dust.
You assume a fearsome visage.
The frost giant easily resists.
The frost giant hits you with a +2 battleaxe of freezing.
As you read the scroll of fear, it crumbles to dust.
You assume a fearsome visage.
The frost giant easily resists.
The frost giant hits you with a +2 battleaxe of freezing.
Unknown command.
Casting: Stone Arrow (safe; 1% risk of failure)
Confirm with . or Enter, or press ? or * to list all spells.
Aiming: Stone Arrow (safe; 1% risk of failure)
Press: ? - help, Shift-Dir - straight line, f/p - frost giant
Aim: a frost giant, wielding a +2 battleaxe of freezing (severely wounded, inner flame, 98% to hit)
The stone arrow hits the frost giant!!
Flame seeps out of the frost giant.
The frost giant is almost dead.
The frost giant is engulfed in blazing flames.
Flame seeps out of the frost giant.
The frost giant points at you and mumbles some strange words.
The bolt of cold misses you.
You hear an angry growl.
Casting: Stone Arrow (safe; 1% risk of failure)
Confirm with . or Enter, or press ? or * to list all spells.
Aiming: Stone Arrow (safe; 1% risk of failure)
Press: ? - help, Shift-Dir - straight line, f/p - frost giant
Aim: a frost giant, wielding a +2 battleaxe of freezing (flame, almost dead, inner flame, 98% to hit)
The stone arrow hits the frost giant!!
Vehumet accepts your kill.
You feel your power returning.
The frost giant explodes!
The fiery explosion engulfs you!!!
Ouch! That really hurt!
You die...

#.#.....## #..#
#.....## ###.
####...## ## ##...####
###....#######
###...#....### ###
###....##†.† ##○######
#########†
###.#@#...## ###†..
#..###...⌠.# ##....#
###..###.#.#####....##
#...##..#####.....###
#...###..####.....##
#k..Y ##...#....###


##hhC ###....### ###. #####..# $. #.## There were no monsters in sight!

Vanquished Creatures
  A frost giant (IceCv)
  The ghost of celly00 the Fighter, a journeyman DrAr of Ru (Lair:2)
  The ghost of Lekart the Fighter, a journeyman DrCK of Xom (Lair:1)
  A boulder beetle (D:10)
  A hydra (D:14)
  A catoblepas (D:13)
  6 two-headed ogres
  6 centaur warriors
  A death yak (IceCv)
  5 skeletal warriors (D:13)
  A wizard (D:14)
  Pikel (D:6)
  A harpy (shapeshifter) (D:13)
  3 deep elf pyromancers
  2 orc knights (D:10)
  2 orc sorcerers (D:14)
  5 ugly things
  4 manticores
  4 cyclopes
  3 black mambas
  An ice statue (IceCv)
  5 cane toads
  An efreet (D:13)
  4 kobold demonologists
  5 rime drakes
  5 komodo dragons
  6 trolls
  2 jumping spiders (Lair:3)
  A hornet (shapeshifter) (D:14)
  A jumping spider (shapeshifter) (D:14)
  13 polar bears (IceCv)
  4 slime creatures
  15 blink frogs
  Sigmund (D:6)
  4 redbacks (Lair:3)
  4 shadows
  A wyvern (D:7)
  A water elemental (D:14)
  A fire elemental (D:14)
  4 wraiths
  31 yaks
  4 basilisks
  A steam dragon (D:10)
  10 vampire mosquitoes
  Menkaure (D:6)
  3 acid dragons
  8 water moccasins
  A floating eye (shapeshifter) (D:14)
  Duvessa (D:5)
  A hydra simulacrum (Lair:1)
  11 orc warriors
  9 ice beasts
  2 black bears
  An ogre (D:6)
  2 necrophages
  12 centaurs
  18 wolves (IceCv)
  3 lemures (D:6)
  2 phantoms
  3 kobold brigands
  16 bullfrogs
  4 scorpions
  A gnoll sergeant (D:7)
  Dowan (D:5)
  A wyvern zombie (D:6)
  2 water moccasin zombies (D:5)
  14 killer bees
  3 wights (D:9)
  6 howler monkeys
  4 electric eels
  3 centaur zombies
  A torpor snail simulacrum (Lair:1)
  3 bullfrog zombies
  2 centaur skeletons
  5 orc priests
  A gnoll shaman (D:5)
  4 hounds
  3 jellies
  2 water moccasin simulacra (Lair:1)
  An iguana (D:12)
  10 orc wizards
  A scorpion zombie (D:5)
  A wolf simulacrum (Lair:1)
  2 bullfrog simulacra (Lair:1)
  A centaur simulacrum (D:10)
  A hound skeleton (D:4)
  6 gnolls
  5 adders
  A shadow imp (D:7)
  A white imp (D:8)
  An adder skeleton (D:5)
  4 worms
  3 dart slugs
  64 orcs
  4 bats
  11 endoplasms
  3 giant cockroaches
  11 goblins
  3 hobgoblins
  8 jackals (D:2)
  2 quokkas
  6 ball pythons
  2 frilled lizards (D:1)
  28 kobolds
  6 rats
515 creatures vanquished.

Vanquished Creatures (others)
  10 fungi (D:10)
  16 plants
26 creatures vanquished.

Grand Total: 541 creatures vanquished

Notes
Turn   | Place    | Note
-------+----------+-------------------------------------------
     0 | D:1      | maiser the Gargoyle Earth Elementalist began the quest for
                  | the Orb.
     0 | D:1      | Reached XP level 1. HP: 10/10 MP: 3/3
   451 | D:1      | Reached skill level 4 in Earth Magic
   451 | D:1      | Reached XP level 2. HP: 13/15 MP: 5/5
   573 | D:1      | Found a faded altar of an unknown god.
  1446 | D:2      | Reached XP level 3. HP: 14/19 MP: 6/6
  1450 | D:2      | Learned a level 3 spell: Stone Arrow
  1535 | D:2      | Found a shimmering altar of Xom.
  2049 | D:2      | Reached skill level 1 in Conjurations
  2223 | D:2      | Reached XP level 4. HP: 13/24 MP: 8/8
  2377 | D:2      | Found Taosku's Antique Armour Shoppe.
  2501 | D:3      | Identified 3 scrolls of acquirement
  2501 | D:3      | Acquired the ring of Lerasmit {Contam Will+ Int+5 Dex+4}
  2507 | D:3      | Acquired 1067 gold pieces
  2512 | D:3      | Acquired 1156 gold pieces
  2548 | D:2      | Bought a runed helmet for 187 gold pieces
  2548 | D:2      | Bought a pair of masterwork boots for 237 gold pieces
  2548 | D:2      | Identified the +2 pair of boots of Wonder {rF++ Str+3
                  | Int+2} (You bought it in a shop on level 2 of the Dungeon)
  2548 | D:2      | Bought an embroidered robe for 92 gold pieces
  2613 | D:3      | Noticed a water moccasin
  2640 | D:3      | Killed a water moccasin
  2641 | D:3      | Reached skill level 5 in Earth Magic
  2641 | D:3      | Reached XP level 5. HP: 15/28 MP: 3/10
  2884 | D:3      | Gained mutation: Armour fits poorly on your strangely
                  | shaped body. [potion of mutation]
  2884 | D:3      | Gained mutation: You tend to lose your temper in combat.
                  | [potion of mutation]
  2884 | D:3      | Gained mutation: Your muscles are strong. (Str +2) [potion
                  | of mutation]
  2884 | D:3      | Gained mutation: You are robust. (+10% HP) [potion of
                  | mutation]
  3017 | D:3      | Reached XP level 6. HP: 31/35 MP: 5/11
  3033 | D:3      | Learned a level 5 spell: Lee's Rapid Deconstruction
  3821 | D:3      | Reached skill level 6 in Earth Magic
  4167 | D:4      | Reached XP level 7. HP: 39/39 MP: 9/13
  4819 | D:5      | Entered Level 5 of the Dungeon
  4955 | D:5      | Found a bloodstained altar of Trog.
  4955 | D:5      | Noticed Duvessa
  4961 | D:5      | Killed Duvessa
  5043 | D:5      | Noticed Dowan
  5045 | D:5      | Killed Dowan
  5087 | D:5      | Found a shimmering blue altar of Sif Muna.
  5090 | D:5      | Identified Sif Muna's Grimoire of Enchantment and the
                  | Arsonist
  5140 | D:5      | Reached skill level 7 in Earth Magic
  5223 | D:5      | Reached skill level 5 in Spellcasting
  5223 | D:5      | Reached XP level 8. HP: 31/46 MP: 15/15
  5478 | D:5      | Reached skill level 5 in Conjurations
  5479 | D:5      | Reached skill level 1 in Fighting
  5479 | D:5      | Reached skill level 1 in Armour
  5489 | D:5      | Reached skill level 1 in Maces & Flails
  5616 | D:5      | Identified the +0 leather armour of Twilight {Int+2}
  5641 | D:5      | Found a staircase to the Ecumenical Temple.
  5661 | D:5      | Reached skill level 1 in Evocations
  5668 | Temple   | Entered the Ecumenical Temple
  5719 | Temple   | Became a worshipper of Vehumet
  6043 | D:5      | Found a snail-covered altar of Cheibriados.
  6349 | D:6      | Noticed Sigmund
  6354 | D:6      | Killed Sigmund
  6367 | D:6      | Found a transporter.
  6372 | D:6      | Found a transporter.
  6373 | D:6      | Noticed glosham's ghost (weakling DjDe)
  6375 | D:6      | Noticed Menkaure
  6381 | D:6      | Killed Menkaure
  6563 | D:6      | Reached XP level 9. HP: 48/53 MP: 4/17
  6670 | D:6      | Noticed a queen bee
  7661 | D:6      | Noticed Pikel
  7681 | D:6      | Killed Pikel
  7682 | D:6      | Reached skill level 8 in Earth Magic
  8051 | D:6      | Reached * piety under Vehumet
  8051 | D:6      | Offered knowledge of Magic Dart by Vehumet.
  8391 | D:7      | Noticed a troll
  8491 | D:7      | Killed a troll
  8492 | D:7      | Reached XP level 10. HP: 39/61 MP: 0/19
  9112 | D:7      | Found an opulent altar of Gozag.
  9480 | D:8      | Offered knowledge of Poisonous Vapours by Vehumet.
  9482 | D:8      | Reached ** piety under Vehumet
  9611 | D:8      | Noticed a cyclops
 10031 | D:8      | Killed a cyclops
 10032 | D:8      | Reached skill level 9 in Earth Magic
 10237 | D:8      | Found an iron altar of Okawaru.
 10302 | D:8      | Found Zin's Purification Station.
 10306 | D:8      | Found a glowing silver altar of Zin.
 10310 | D:8      | Bought a potion of curing for 90 gold pieces
 10656 | D:9      | Reached skill level 5 in Armour
 10738 | D:9      | Reached skill level 5 in Fighting
 10790 | D:9      | Found a white marble altar of Elyvilon.
 10818 | D:9      | Reached XP level 11. HP: 69/69 MP: 14/21
 10871 | D:9      | Offered knowledge of Mephitic Cloud by Vehumet.
 10885 | D:9      | Noticed a two-headed ogre
 10888 | D:9      | Killed a two-headed ogre
 11015 | D:9      | Found Qabbeatt's Antique Armour Boutique.
 11023 | D:9      | Bought a pair of glowing gloves for 232 gold pieces
 11036 | D:9      | Bought a pair of masterwork boots for 294 gold pieces
 11036 | D:9      | Identified the +2 pair of boots "Esofiaq" {rC+ Int+3 Dex-3
                  | Stlth+} (You bought it in a shop on level 9 of the Dungeon)
 11513 | D:9      | Reached skill level 5 in Maces & Flails
 11680 | D:10     | Entered Level 10 of the Dungeon
 11688 | D:10     | Reached *** piety under Vehumet
 11940 | D:10     | Found a hazy altar of Hepliaklqana.
 11947 | D:10     | Found an ornate altar of the Wu Jian Council.
 12126 | D:10     | Noticed a manticore
 12132 | D:10     | Killed a manticore
 12166 | D:10     | Noticed a deep elf pyromancer
 12168 | D:10     | Killed a deep elf pyromancer
 12176 | D:10     | Noticed an orc knight
 12182 | D:10     | Killed an orc knight
 12182 | D:10     | Offered knowledge of Ignite Poison by Vehumet.
 12183 | D:10     | Reached skill level 5 in Dodging
 12183 | D:10     | Reached skill level 5 in Evocations
 12222 | D:10     | Noticed an orc knight
 12229 | D:10     | Killed an orc knight
 12278 | D:10     | Noticed a boulder beetle
 12313 | D:10     | Killed a boulder beetle
 12327 | D:10     | Noticed a green ugly thing
 12336 | D:10     | Killed a green ugly thing
 12337 | D:10     | Reached skill level 10 in Earth Magic
 12543 | D:10     | Noticed a two-headed ogre
 12556 | D:10     | Killed a two-headed ogre
 12558 | D:10     | Reached XP level 12. HP: 78/78 MP: 18/23
 12622 | D:10     | Found a sparkling altar of Nemelex Xobeh.
 12684 | D:10     | Found a hide-covered altar of Uskayaw.
 13005 | D:10     | Reached **** piety under Vehumet
 13199 | D:10     | Found a staircase to the Lair.
 13230 | D:10     | Found a glowing golden altar of the Shining One.
 13441 | D:10     | Identified the Guide on Creative Cold
 13443 | D:10     | Identified Woido's Grimoire of Darkness and Lightness
 13751 | D:11     | Offered knowledge of Iskenderun's Mystic Blast by Vehumet.
 14502 | D:12     | Noticed a two-headed ogre
 14507 | D:12     | Killed a two-headed ogre
 14968 | D:12     | Found a staircase to the Orcish Mines.
 15471 | D:12     | Found a bloodstained altar of Trog.
 15601 | D:13     | Noticed a centaur warrior
 15607 | D:13     | Killed a centaur warrior
 15608 | D:13     | Reached skill level 11 in Earth Magic
 15609 | D:13     | Reached XP level 13. HP: 71/85 MP: 25/25
 15875 | D:13     | Identified the ring of the Villain {Contam rF+ rN+ Will+
                  | Str+4}
 15888 | D:13     | Reached ***** piety under Vehumet
 15889 | D:13     | Offered knowledge of Starburst by Vehumet.
 16458 | D:12     | Learned a level 6 spell: Starburst
 16474 | D:13     | Reached skill level 1 in Fire Magic
 16873 | D:13     | Found a hazy altar of Hepliaklqana.
 17062 | D:14     | Lost mutation: You tend to lose your temper in combat.
                  | [potion of mutation]
 17062 | D:14     | Lost mutation: You are robust. (+10% HP) [potion of
                  | mutation]
 17062 | D:14     | Lost mutation: Your muscles are strong. (Str +2) [potion of
                  | mutation]
 17062 | D:14     | Gained mutation: You do not regenerate when monsters are
                  | visible. [potion of mutation]
 17062 | D:14     | Gained mutation: You are partially covered in iridescent
                  | scales. (AC +2) [potion of mutation]
 17062 | D:14     | Gained mutation: You have sharp fingernails. [potion of
                  | mutation]
 17396 | D:14     | Identified the Collected Works on Excruciating Orientation
 17506 | D:14     | Reached skill level 10 in Conjurations
 17860 | D:14     | Found a gate to the Vaults.
 18216 | D:14     | Gained mutation: Your large and strong wings let you fly.
                  | [Gargoyle growth]
 18216 | D:14     | Reached XP level 14. HP: 84/84 MP: 11/27
 18515 | Lair:1   | Entered Level 1 of the Lair of Beasts
 18562 | Lair:1   | Found a runed translucent gate.
 18562 | Lair:1   | Found a runed translucent gate.
 18562 | Lair:1   | Found a runed translucent gate.
 18597 | Lair:1   | Noticed Lekart's ghost (journeyman DrCK)
 19365 | Lair:1   | Killed Lekart's ghost
 19366 | Lair:1   | Reached skill level 12 in Earth Magic
 19526 | Lair:1   | Identified the ring "Ajociv" {Fire Str+2 Slay+4 Stlth+}
 19543 | Lair:1   | Acquired 778 gold pieces
 19594 | Lair:2   | Found a runed translucent door.
 19594 | Lair:2   | Noticed celly00's ghost (journeyman DrAr)
 20233 | Lair:2   | Found a staircase to the Swamp.
 20463 | Lair:2   | Reached skill level 5 in Fire Magic
 20895 | Lair:2   | Killed celly00's ghost
 21115 | Lair:3   | Found a frozen archway.
 21136 | Lair:3   | Noticed Snorg
 21149 | IceCv    | Entered an ice cave
 21838 | IceCv    | Offered knowledge of Iron Shot by Vehumet.
 22527 | IceCv    | Noticed a frost giant
 22547 | IceCv    | Killed a frost giant
 22547 | IceCv    | Killed by an exploding frost giant... ignited by their
                  | inner flame

Illustrated notes

Levels and vault maps discovered:
D:1:      dpeg_arrival_short_road, layout_rooms,
          hellmonk_ecumenical_altar_crossroads, chequers_jeans
D:2:      layout_basic, serial_glass, glass_columns_b, glass_columns_c,
          basic_altar, serial_shops, shop
D:3:      layout_loops_ring
D:4:      layout_gridville, grunt_ministairs_14
D:5:      layout_basic, nzn_overflow_gifts_of_might_and_magic,
          cheibriados_altar_1, minmay_temple_entry_steel_oval
D:6:      minmay_evil_eye, layout_layer_cave, gammafunk_ghost_hive,
          minmay_misc_feat_room, grunt_decor_cap, uniq_menkaure, uniq_duvessa,
          uniq_sigmund, uniq_pikel
D:7:      layout_rooms, grunt_gozag_breadcrumbs, minmay_small_thing
D:8:      layout_rooms, zin_purify, kennysheep_okawaru_gauntlet
D:9:      layout_gridville, general_overflow_altar, serial_shops,
          nicolae_shop_waterfront
D:10:     minmay_the_grid_triangle_9x9_rhombus_thin
          [minmay_the_grid_triangle_9x9_swiss_cheese,
          minmay_the_grid_triangle_9x9_prize_center,
          minmay_the_grid_triangle_9x9_limited_checkers,
          minmay_the_grid_triangle_9x9_wacky_v], layout_basic,
          lemuel_coloured_pillars_altar, minitemple, jmf_multi_god_temple,
          grunt_lair_entry_orc_guard_hut, special_room [special_room_orc]
D:11:     layout_long_grid, kennysheep_doodads, minmay_misc_feat_tiny,
          kennysheep_generic_room_10
D:12:     layout_cave_pools, orc_0_dummy, minivault_20,
          minmay_tree_intersection, minivault_1, trog_butcher_becter
D:13:     layout_cave_pools, drop_trap, nicolae_hepliaklqana_hippocampus
D:14:     cheibrodos_wizards_tower, layout_loops_ring, david_vaults_2,
          nicolae_lava_and_water
Temple:   jpeg_temple_alley_garden
Lair:1:   layout_chaotic_city, gammafunk_ghost_icy,
          nicolae_lair_grove_arrangements
Lair:2:   layout_cave_pods, swamp_mist, ebering_ghost_inner_flame, st_stairs_5,
          infiniplex_staircase_pool, grunt_megastairs_5, serial_bayou_shore_b
Lair:3:   layout_regular_city, nicolae_spider_entry_tight_spaces,
          portal_ice_cave_entry_ice_beasts, fungi_pond_lemuel,
          beast_lair_carwin_9, uniq_snorg
IceCv:    ice_cave_caverns_01

Skill      XL: |  1  2  3  4  5  6  7  8  9 10 11 12 13 14 |
---------------+-------------------------------------------+-----
Earth Magic    | 4 5 6 7 8 9 10 11 12 | 12.3
Conjurations   | 1 2 3 4 5 6 7 8 9 10 | 10.8
Spellcasting   | 3 4 5 6 7 8 9 |  9.6
Fighting       | 2 3 5 6 7 8 9 |  9.6
Armour         | 2 3 5 6 |  6.0
Maces & Flails | 2 3 4 5 7 8 |  8.8
Dodging        | 2 3 4 5 6 7 |  7.6
Evocations     | 1 3 4 5 6 7 8 |  8.1
Fire Magic     | 3 6 |  6.2
Stealth        | |  2.1
Transmutations | |  0.7

Action                   |  1- 3 |  4- 6 |  7- 9 | 10-12 | 13-15 || total
-------------------------+-------+-------+-------+-------+-------++-------
Melee: Mace              |   124 |   147 |    77 |       |       ||   348
       Unarmed           |     4 |       |       |       |       ||     4
       Falchion          |       |       |   209 |   271 |       ||   480
       Flail             |       |       |       |    54 |   317 ||   371
 Cast: Sandblast         |    16 |    29 |     9 |    33 |    51 ||   138
       Stone Arrow       |       |     8 |    42 |   122 |    76 ||   248
       Lee's Rapid Decon |       |       |     5 |    25 |    66 ||    96
       Starburst         |       |       |       |       |     7 ||     7
Evoke: Wand              |       |       |       |    42 |     5 ||    47
       Condenser vane    |       |       |       |     2 |     1 ||     3
       Phial of floods   |       |       |       |       |     1 ||     1
  Use: Scroll            |       |    11 |     7 |    12 |    14 ||    44
       Potion            |       |     1 |       |       |     3 ||     4
 Stab: Sleeping          |     1 |     2 |     4 |       |     2 ||     9
       Distracted        |       |       |       |     1 |       ||     1
Armor: Robe              |    73 |   129 |   239 |   211 |       ||   652
       Steam dragon scal |       |       |       |   110 |   229 ||   339
       Leather armour    |       |       |       |       |   103 ||   103
Dodge: Dodged            |   116 |   107 |   252 |   415 |   363 ||  1253
       Rpst.: Falchion   |       |       |    54 |    99 |       ||   153

Table legend: (Time is in decaauts)
 A = Elapsed time spent in this place.
 B = Non-inter-level travel time spent in this place.
 C = Inter-level travel time spent in this place.
 D = Time resting spent in this place.
 E = Time spent auto-exploring this place.
 F = Levels seen in this place.
 G = Mean time per level.
                   A        B        C        D        E       F      G
               +--------+--------+--------+--------+--------+-----+--------+
         Total |  22897 |  22113 |    784 |   3785 |  14204 |  19 | 1205.1 |
       Dungeon |  18794 |  18190 |    604 |   2904 |  11906 |  14 | 1342.4 |
        Temple |     76 |     51 |     25 |      0 |     38 |   1 |   76.0 |
          Lair |   2631 |   2478 |    153 |    149 |   1825 |   3 |  877.0 |
      Ice Cave |   1393 |   1393 |      0 |    732 |    435 |   1 | 1393.0 |
               +--------+--------+--------+--------+--------+-----+--------+

Top non-repeatable levels by time:
     D:6: 2410 daAuts
    D:10: 1951 daAuts
    D:12: 1764 daAuts
  Lair:2: 1512 daAuts
     D:1: 1464 daAuts
   IceCv: 1393 daAuts
     D:5: 1375 daAuts
     D:3: 1362 daAuts
     D:7: 1300 daAuts
    D:14: 1237 daAuts
     D:9: 1181 daAuts
     D:2: 1169 daAuts
  Lair:1: 1078 daAuts
    D:13: 996 daAuts
     D:4: 959 daAuts
